 Dungeon Crawl Stone Soup version 0.28-a0-1638-g9123634e07 (webtiles) character file.

Game seed: 14257213464886231154

137 HallandMoats the Skirmisher (level 5, -7/46 HPs)
             Began as a Ghoul Fighter on Jan 25, 2022.
             Was an Initiate of Ru.
             Mangled by an iguana (11 damage)
             ... on level 3 of the Dungeon.
             The game lasted 00:02:45 (2513 turns).

HallandMoats the Skirmisher (Ghoul Fighter)         Turns: 2513, Time: 00:02:46

Health: -7/46      AC:  9    Str: 20    XL:     5   Next: 20%
Magic:  5/5        EV:  9    Int:  5    God:    Ru [......]
Gold:   75         SH:  4    Dex:  8    Spells: 4/4 levels left

rFire   . . .      SeeInvis .   o - +0 falchion
rCold   + + .      Faith    .   c - +0 buckler
rNeg    + + +      Spirit   .   b - +0 scale mail
rPois   ∞          Reflect  .   q - +2 helmet
rElec   .          Harm     .   (no cloak)
rCorr   .          Rampage  .   (no gloves)
Will    .....                   (no boots)
Stlth   ..........              (no amulet)
HPRegen 0.00/turn               k - ring of protection from cold
MPRegen 0.09/turn               (no ring)

@: inhibited regen
A: claws 1, cold resistance 1, negative energy resistance 3, inhibited
regeneration, torment resistance 2
a: Renounce Religion


You were on level 3 of the Dungeon.
You worshipped Ru.
Ru was noncommittal.
You visited 1 branch of the dungeon, and saw 3 of its levels.

You collected 75 gold pieces.

Inventory:

Hand Weapons
 a - a +0 long sword
 o - a +0 falchion (weapon)
Armour
 b - a +0 scale mail (worn)
 c - a +0 buckler (worn)
 q - a +2 helmet (worn)
Jewellery
 k - a ring of protection from cold (left claw)
Scrolls
 e - a scroll of immolation {unknown}
 f - 2 scrolls of magic mapping {unknown}
 g - a scroll of blinking {unknown}
 h - a scroll of holy word {unknown}
 i - a scroll of brand weapon {unknown}
 j - a scroll of fog {unknown}
 l - a scroll of summoning {unknown}
 m - 2 scrolls of teleportation {unknown}
 p - a scroll of identify {unknown}
Potions
 d - a potion of might
 n - a potion of flight {unknown}
 r - a potion of curing {unknown}


   Skills:
 + Level 3.7 Fighting
 * Level 2.7 Long Blades
 + Level 3.1 Armour
 + Level 1.1 Dodging
 + Level 3.1 Shields
 * Level 2.4 Invocations


You had 4 spell levels left.
You didn't know any spells.
Your spell library contained the following spells:

 Spells                   Type           Power      Damage    Failure   Level
 Call Canine Familiar     Summ           0%         N/A       99%         3
 Portal Projectile        Hex/Tloc       0%         N/A       99%         3
 Leda's Liquefaction      Hex/Erth       0%         N/A       100%        4


Dungeon Overview and Level Annotations

Branches:
Dungeon (3/15)

Altars:
Fedhas
Ru


Innate Abilities, Weirdness & Mutations

You thrive by killing the living.
You are immune to poison.
You have sharp fingernails.
Your flesh is cold resistant. (rC+)
You are immune to negative energy. (rN+++)
You do not regenerate when monsters are visible.
You are immune to unholy pain and torment.


Message History

You are too injured to fight recklessly!
You are too injured to fight recklessly!
You are too injured to fight recklessly!
You are too injured to fight recklessly!
You are too injured to fight recklessly!
You are too injured to fight recklessly!
You are too injured to fight recklessly!
You are too injured to fight recklessly!
You are too injured to fight recklessly!
You are too injured to fight recklessly!
You are too injured to fight recklessly!
You are too injured to fight recklessly!
You are too injured to fight recklessly!
You are too injured to fight recklessly!
You are too injured to fight recklessly!
You are too injured to fight recklessly!
You are too injured to fight recklessly!
You are too injured to fight recklessly!
You are too injured to fight recklessly!
You are too injured to fight recklessly!
You are too injured to fight recklessly!
You barely miss the iguana.
The iguana is severely wounded.
The iguana bites you.
You hit the iguana but do no damage.
The iguana is severely wounded.
The iguana bites you!
* * * LOW HITPOINT WARNING * * *
You hit the iguana.
The iguana is almost dead.
The iguana bites you but does no damage.
You closely miss the iguana.
The iguana is almost dead.
The iguana bites you but does no damage.
The iguana bites you.
* * * LOW HITPOINT WARNING * * *
You hit the iguana but do no damage.
The iguana is almost dead.
The iguana bites you!
You die...

#.# ### #.#####.#
#.# #.. .......)#
#.# #.# #.#####.#
#.# #.# #.# ##.#
#.###.####.####...
#...............#.
#####.##.######...
###.#######.##.#
####
#.....l@....##.#
....##########.# #
#.# #.# #.#


You could see an iguana.

Vanquished Creatures
  Terence (D:2)
  Robin (D:2)
  2 adders
  An orc (D:3)
  5 bats
  6 endoplasms
  5 giant cockroaches
  14 goblins
  9 hobgoblins
  6 jackals
  7 kobolds
  2 quokkas (D:1)
  3 ball pythons
  2 frilled lizards (D:3)
  9 rats
73 creatures vanquished.

Vanquished Creatures (others)
  9 fungi (D:3)
  4 plants (D:3)
13 creatures vanquished.

Grand Total: 86 creatures vanquished

Notes
Turn   | Place    | Note
-------+----------+-------------------------------------------
     0 | D:1      | HallandMoats the Ghoul Fighter began the quest for the Orb.
     0 | D:1      | Reached XP level 1. HP: 19/19 MP: 0/0
    18 | D:1      | Reached XP level 2. HP: 26/26 MP: 1/1
   172 | D:1      | Reached skill level 1 in Invocations
   201 | D:1      | Found a faded altar of an unknown god.
   213 | D:1      | Prayed at the altar of an unknown god.
   213 | D:1      | Became a worshipper of Ru the Awakened
   372 | D:1      | Reached XP level 3. HP: 29/31 MP: 2/2
  1247 | D:2      | Noticed Terence
  1258 | D:2      | Killed Terence
  1259 | D:2      | Reached XP level 4. HP: 11/38 MP: 4/4
  1565 | D:2      | Noticed Robin
  1595 | D:2      | Killed Robin
  1855 | D:2      | Reached skill level 1 in Dodging
  2205 | D:3      | Reached XP level 5. HP: 46/46 MP: 5/5
  2310 | D:3      | Found a blossoming altar of Fedhas.
  2513 | D:3      | Mangled by an iguana

Illustrated notes

Levels and vault maps discovered:
D:1:      scummos_arrival_hexagon, layout_loops_ring,
          hellmonk_ecumenical_altar_zigzags, minmay_misc_feat_alley,
          minmay_tromino_i2
D:2:      layout_loops_corners, uniq_robin, uniq_terence
D:3:      layout_loops_ring, fedhas_altar_3

Skill      XL: |  1  2  3  4 |
---------------+-------------+-----
Long Blades    | 2 |  2.7
Invocations    | 1 2 |  2.4
Armour         | 3 |  3.1
Dodging        | 1 |  1.1
Shields        | 3 |  3.1
Fighting       | |  3.7

Action                   |  1- 3 |  4- 6 || total
-------------------------+-------+-------++-------
Melee: Long sword        |   104 |       ||   104
       Falchion          |       |   112 ||   112
Invok: Reject Sacrifices |     1 |       ||     1
 Stab: Distracted        |     1 |       ||     1
Armor: Scale mail        |    44 |    47 ||    91
Dodge: Dodged            |    50 |    50 ||   100
Block: Buckler           |    17 |    21 ||    38

Table legend: (Time is in decaauts)
 A = Elapsed time spent in this place.
 B = Non-inter-level travel time spent in this place.
 C = Inter-level travel time spent in this place.
 D = Time resting spent in this place.
 E = Time spent auto-exploring this place.
 F = Levels seen in this place.
 G = Mean time per level.
                   A        B        C        D        E       F      G
               +--------+--------+--------+--------+--------+-----+--------+
         Total |   2569 |   2542 |     27 |      0 |   2068 |   3 |  856.3 |
       Dungeon |   2569 |   2542 |     27 |      0 |   2068 |   3 |  856.3 |
               +--------+--------+--------+--------+--------+-----+--------+

Top non-repeatable levels by time:
     D:2: 1260 daAuts
     D:1: 900 daAuts
     D:3: 409 daAuts
